 Dungeon Crawl Stone Soup version 0.23-a0-655-g3751e1c (webtiles) character file.

13825 tilp the Spear-Bearer (level 12, -2/88 HPs)
             Began as a Merfolk Ice Elementalist on Jan 6, 2019.
             Was an Elder of Makhleb.
             Slain by a dire elephant (8 damage)
             ... in a Gauntlet on Jan 7, 2019.
             The game lasted 01:04:30 (19742 turns).

tilp the Spear-Bearer (Merfolk Ice Elementalist)   Turns: 19742, Time: 01:04:32

Health: -2/88      AC: 16    Str: 15    XL:     12   Next: 10%
Magic:  14/21      EV: 15    Int: 23    God:    Makhleb [****..]
Gold:   758        SH:  0    Dex: 14    Spells: 3/23 levels left

rFire    + . .     SeeInvis .   q - +1 halberd
rCold    + + .     Gourm    .   (shield currently unavailable)
rNeg     . . .     Faith    .   C - +1 robe {rC+}
rPois    .         Spirit   .   (no helmet)
rElec    .         Reflect  .   f - +0 cloak
rCorr    .         Harm     .   (no gloves)
MR       .....     NoTele   +   R - +1 pair of boots "Xeegu" {rF+ Int+5}
Stlth    ++........             (no amulet)
HPRegen  0.24/turn              F - +2 ring of protection
MPRegen  0.17/turn              A - ring of protection from cold

@: mighty, icy armour
A: change form in water, swift swim, stealthy swim
a: Minor Destruction, Lesser Servant of Makhleb, Major Destruction, Renounce
Religion


You were in a Gauntlet.
You worshipped Makhleb.
Makhleb was greatly pleased with you.
You were not hungry.

You visited 3 branches of the dungeon, and saw 14 of its levels.
You also visited: Ossuary and Gauntlet.

You collected 1043 gold pieces.
You spent 285 gold pieces at shops.

Inventory:

Hand Weapons
 q - a +1 halberd (weapon)
 M - a cursed +2 battleaxe of flaming
 Q - the +2 war axe of the Blessed Realm {antimagic, Dex+3, unknown}
   (You found it on level 10 of the Dungeon)

   It reduces the magical energy of the wielder, and disrupts the spells and
   magical abilities of those hit.
   Natural abilities and divine invocations are not affected.
   It affects your dexterity (+3).
Missiles
 n - 4 javelins
 t - 14 tomahawks (quivered)
Armour
 f - a +0 cloak (worn)
 C - a +1 robe of cold resistance (worn)
 R - the +1 pair of boots "Xeegu" (worn) {rF+ Int+5}
   (You bought it in a shop on level 10 of the Dungeon)

   It affects your intelligence (+5).
   It protects you from fire.
Jewellery
 b - an uncursed ring of flight
 h - an uncursed ring of resist corrosion
 A - a ring of protection from cold (right hand)
 F - a +2 ring of protection (left hand)
Wands
 k - a wand of acid (14)
 v - a wand of random effects (24)
 y - a wand of polymorph (7)
 z - a wand of digging (9)
 I - a wand of disintegration (21)
Scrolls
 i - 5 scrolls of immolation
 j - 5 scrolls of remove curse
 o - 4 scrolls of teleportation
 p - 5 scrolls of enchant weapon
 u - a scroll of fog
 B - 4 scrolls of fear
 G - a scroll of amnesia
Potions
 d - 2 potions of resistance
 e - 4 potions of haste
 l - 2 potions of agility
 m - 3 potions of brilliance
 D - 2 potions of mutation
 H - 3 potions of flight
 J - 2 potions of magic
 K - a potion of cancellation
 P - 2 potions of curing
 T - a potion of berserk rage {unknown}
Miscellaneous
 s - a box of beasts
Comestibles
 c - 20 rations


   Skills:
 - Level 6.2 Fighting
 + Level 14.6 Polearms
 - Level 6.0 Dodging
 - Level 2.1 Stealth
 - Level 6.0 Spellcasting
 - Level 2.1 Conjurations
 - Level 4.0 Hexes
 - Level 4.0 Charms
 - Level 2.0 Summonings
 - Level 10.0 Ice Magic
 - Level 5.1 Invocations
 - Level 4.2 Evocations


You had 3 spell levels left.
You knew the following spells:

 Your Spells              Type           Power        Failure   Level  Hunger
a - Freeze                Ice            ####         1%          1    None
b - Throw Frost           Conj/Ice       #####.       1%          2    None
c - Ozocubu's Armour      Chrm/Ice       #####...     1%          3    #......
d - Throw Icicle          Conj/Ice       #####...     7%          4    ###....
e - Summon Ice Beast      Ice/Summ       ####....     7%          4    ###....
f - Spectral Weapon       Hex/Chrm       ####....     4%          3    #......
g - Regeneration          Chrm/Necr      ###.......   11%         3    #......

Your spell library contained the following spells:

 Spells                   Type           Power        Failure   Level  Hunger
 Infusion                 Chrm           ####         1%          1    None
 Song of Slaying          Chrm           ####....     2%          2    None
 Shroud of Golubria       Chrm/Tloc      ###.......   5%          2    None
 Haunt                    Necr/Summ      ##........   100%        7    #######
 Borgnjor's Revivificati  Necr           #.........   100%        8    #######
 Death's Door             Chrm/Necr      ###.......   100%        8    #######
 Infestation              Necr           #.........   100%        8    #######
 Necromutation            Tmut/Necr      #.........   100%        8    #######


Dungeon Overview and Level Annotations

Branches:
Dungeon (11/15)            Temple (1/1) D:4            Lair (2/6) D:11
 Spider (0/4) Lair:2          Orc (0/2) D:10
  Swamp: Lair:2-4    Shoals: Lair:2-4

Altars:
Ashenzari
Cheibriados
Dithmenos
Elyvilon
Fedhas
Gozag
Hepliaklqana
Kikubaaqudgha
Makhleb
Nemelex Xobeh
Okawaru
Qazlal
Ru
Sif Muna
Trog
Uskayaw
Vehumet
Wu Jian
Xom
Yredelemnul
Zin
The Shining One
Beogh

Shops:
D:10 [

Annotations:
D:3 1 runed door
D:6 Grinder
D:9 Erolcha Gauntlet 9 transporters


Message History

You slash the dire elephant!
The dire elephant is heavily wounded.
Your spectral weapon hits the dire elephant but does no damage.
The dire elephant tramples you!!
You hold your ground!
The dire elephant barely misses you.
You slash the dire elephant!
The dire elephant is heavily wounded.
Your spectral weapon hits the dire elephant!
The dire elephant barely misses you.
The dire elephant trunk-slaps you but does no damage.
You hit the dire elephant.
The dire elephant is severely wounded.
Your spectral weapon hits the dire elephant but does no damage.
You hit the dire elephant.
The dire elephant is severely wounded.
Your spectral weapon completely misses the dire elephant.
The dire elephant tramples you!!
* * * LOW HITPOINT WARNING * * *
You hold your ground!
The dire elephant trunk-slaps you!
You die...

8.8.8#...≈≈≈≈≈PP.#.#..##.#.PP..≈#
.©.8##.♣P#≈#≈#.♣.#.##©.#.#.♣....#
8.8.8#...≈≈≈≈≈P..#..##...#.P....≈
.8...#...#≈#≈#...#...##..#.♣P...≈
.©(.x#...P.P.P...#...©##.#......≈
########...♣P..#############.♣P.#
.©....©#.......#©....©....©#....≈
###########.###################.≈
#.#......s#.#..#@(..#.#Z......#.≈
#.#..####s#.#..#Y##.#.#k.####.#.#
#.#.#.....#.#..#.##.#.#Z#..^#.#.≈
#.#.#.©####.#..#....#.#Z#.©.#.#.≈
#.#.#.#.}.#.#..'''###.#.#^..#.#.≈
#.#s#.#)[##.#..#.#.}#.#.####.§#.#
#.#s..#a#©#.#..#©#$[#.#.(=©).^#.≈
#.#########.#########.#########.≈
................................≈


You could see a dire elephant, a death drake, a wolf spider, a spectral wolf
spider, a spectral centaur warrior, a jumping spider, a centaur warrior zombie
and a friendly spectral +1 halberd.

Vanquished Creatures
  A centaur warrior (D:8)
  A centaur zombie (D:10)
  An elephant (Gauntlet)
  A smoke demon (Gauntlet)
  A gargoyle (D:11)
  3 spiny frogs (Lair:1)
  A red devil (Gauntlet)
  A troll (D:11)
  A queen bee (Gauntlet)
  2 hippogriffs
  A shadow (D:11)
  6 yaks
  2 wraiths
  A basilisk (D:11)
  A steam dragon (D:9)
  A water moccasin (Lair:1)
  5 porcupines (Lair:1)
  5 sky beasts
  A black bear (D:11)
  An ice beast (D:10)
  4 orc warriors
  A necrophage (D:11)
  4 wolves (Lair:1)
  6 phantoms
  5 ogres
  4 centaurs
  2 crocodiles
  7 bullfrogs
  2 scorpions
  3 jellies
  14 killer bees
  4 wights (D:7)
  An electric eel (Lair:1)
  8 howler monkeys
  8 crimson imps
  7 orc priests
  4 hounds
  A bullfrog skeleton (D:5)
  16 orc wizards
  5 iguanas
  A centaur skeleton (D:11)
  Natasha (thrice) (D:3)
  7 worker ants
  A hound skeleton (D:8)
  A mummy (Ossuary)
  A worker ant zombie (D:5)
  3 gnolls (D:5)
  7 adders
  A shadow imp (D:10)
  An ooze (D:6)
  An adder skeleton (D:5)
  3 worms
  2 dart slugs
  7 leopard geckos
  43 orcs
  10 bats
  A bat zombie (D:9)
  5 giant cockroaches
  6 goblins
  9 hobgoblins
  14 jackals
  6 quokkas
  2 ball pythons
  2 frilled lizards
  6 gnoll skeletons (Ossuary)
  6 kobolds
  7 kobold skeletons (Ossuary)
  A leopard gecko skeleton (D:4)
  12 orc skeletons (Ossuary)
  9 rats
  A rat zombie (D:9)
322 creatures vanquished.

Vanquished Creatures (collateral kills)
  A manticore (D:11)
  An elephant (Gauntlet)
  A gargoyle (D:11)
  A spiny frog (Lair:1)
  2 trolls (D:11)
  A phantom (D:11)
  5 wights (D:11)
  A crimson imp (Gauntlet)
  A hound (D:11)
  2 jackals (D:11)
16 creatures vanquished.

Vanquished Creatures (others)
  7 spectral weapons
  3 toadstools (D:3)
10 creatures vanquished.

Grand Total: 348 creatures vanquished

Notes
Turn   | Place    | Note
-------+----------+-------------------------------------------
     0 | D:1      | tilp the Merfolk Ice Elementalist began the quest for the
                  | Orb.
     0 | D:1      | Reached XP level 1. HP: 13/13 MP: 3/3
   369 | D:1      | Reached XP level 2. HP: 19/19 MP: 1/5
   373 | D:1      | Learned a level 2 spell: Throw Frost
   765 | D:1      | Reached XP level 3. HP: 24/24 MP: 2/6
  1364 | D:2      | Reached skill level 5 in Ice Magic
  1388 | D:2      | Reached XP level 4. HP: 30/30 MP: 2/7
  2214 | D:3      | Reached XP level 5. HP: 15/35 MP: 0/8
  2655 | D:3      | Noticed Natasha
  2662 | D:3      | Killed Natasha
  2662 | D:3      | Reached skill level 1 in Fighting
  2849 | D:3      | Found a runed door.
  3165 | D:3      | Noticed Natasha
  3172 | D:3      | Killed Natasha
  3477 | D:3      | Noticed Natasha
  3481 | D:3      | Killed Natasha
  3481 | D:3      | Reached XP level 6. HP: 44/44 MP: 6/9
  3549 | D:3      | Learned a level 3 spell: Ozocubu's Armour
  3696 | D:4      | Upgraded the game from 0.23-a0-650-ga4d50d4 to
                  | 0.23-a0-655-g3751e1c
  4113 | D:4      | Found a staircase to the Ecumenical Temple.
  4126 | Temple   | Entered the Ecumenical Temple
  4548 | D:5      | Entered Level 5 of the Dungeon
  4686 | D:5      | Noticed a phantom
  5611 | D:5      | Reached XP level 7. HP: 45/50 MP: 11/13
  6514 | D:6      | Noticed Grinder
  7589 | D:7      | Reached XP level 8. HP: 41/57 MP: 2/14
  7999 | D:7      | Reached skill level 5 in Dodging
  8210 | D:7      | Noticed a hippogriff
  8236 | D:7      | Killed a hippogriff
  8236 | D:7      | Reached skill level 5 in Fighting
  9449 | D:7      | Reached skill level 2 in Polearms
  9518 | D:7      | Reached skill level 3 in Polearms
  9541 | D:7      | Reached skill level 4 in Polearms
  9541 | D:7      | Reached XP level 9. HP: 26/69 MP: 8/15
 10032 | D:7      | Reached skill level 5 in Polearms
 10501 | D:7      | Reached skill level 6 in Polearms
 10620 | D:8      | Found a sand-covered staircase.
 10624 | Ossuary  | Entered an ossuary
 10782 | Ossuary  | Reached skill level 7 in Polearms
 11301 | D:8      | Found a stormy altar of Qazlal.
 11302 | D:8      | Found an iron altar of Okawaru.
 11303 | D:8      | Found a basalt altar of Yredelemnul.
 11308 | D:8      | Reached skill level 8 in Polearms
 11312 | D:8      | Found a blossoming altar of Fedhas.
 11313 | D:8      | Found a shimmering altar of Xom.
 11313 | D:8      | Found a white marble altar of Elyvilon.
 11314 | D:8      | Found a radiant altar of Vehumet.
 11315 | D:8      | Found a bloodstained altar of Trog.
 11323 | D:8      | Found a burning altar of Makhleb.
 11326 | D:8      | Found an ornate altar of the Wu Jian Council.
 11327 | D:8      | Found a shattered altar of Ashenzari.
 11539 | D:8      | Became a worshipper of Makhleb the Destroyer
 11546 | D:8      | Noticed a centaur warrior
 11570 | D:8      | Killed a centaur warrior
 11570 | D:8      | Reached skill level 11 in Polearms
 11981 | D:8      | Reached skill level 12 in Polearms
 11981 | D:8      | Reached XP level 10. HP: 70/76 MP: 16/16
 12695 | D:8      | Learned a level 4 spell: Throw Icicle
 12700 | D:8      | Learned a level 4 spell: Summon Ice Beast
 12721 | D:9      | Noticed Erolcha
 12761 | D:9      | Found a shadowy altar of Dithmenos.
 12791 | D:9      | Reached * piety under Makhleb
 13184 | D:9      | Reached skill level 10 in Ice Magic
 13363 | D:9      | Found an ancient bone altar of Kikubaaqudgha.
 13400 | D:9      | Reached skill level 1 in Invocations
 13685 | D:9      | Reached skill level 1 in Evocations
 13694 | D:10     | Entered Level 10 of the Dungeon
 14089 | D:10     | Found a staircase to the Orcish Mines.
 14098 | D:10     | Reached ** piety under Makhleb
 14413 | D:10     | Found a roughly hewn altar of Beogh.
 14610 | D:10     | Found a sacrificial altar of Ru.
 14633 | D:10     | Got an iridescent war axe
 14675 | D:10     | Found Binto's Antique Armour Shop.
 14691 | D:10     | Reached skill level 5 in Invocations
 14740 | D:10     | Bought a pair of smoking boots for 285 gold pieces
 14750 | D:10     | Identified the +1 pair of boots "Xeegu" {rF+ Int+5} (You
                  | bought it in a shop on level 10 of the Dungeon)
 14995 | D:10     | Reached skill level 1 in Conjurations
 15050 | D:10     | Reached skill level 1 in Charms
 15050 | D:10     | Reached skill level 1 in Summonings
 15050 | D:10     | Reached XP level 11. HP: 54/81 MP: 8/17
 15526 | D:11     | Learned a level 3 spell: Spectral Weapon
 15614 | D:11     | Noticed a manticore
 15718 | D:11     | Killed a manticore
 15718 | D:11     | Reached skill level 1 in Hexes
 16098 | D:11     | Reached *** piety under Makhleb
 16177 | D:11     | Reached skill level 5 in Spellcasting
 16996 | D:11     | Found a staircase to the Lair.
 17664 | D:11     | Learned a level 3 spell: Regeneration
 17685 | Lair:1   | Entered Level 1 of the Lair of Beasts
 18675 | Lair:1   | Found an iron altar of Okawaru.
 18827 | Lair:1   | Reached skill level 13 in Polearms
 18975 | Lair:2   | Found a gate leading to a gauntlet.
 19003 | Gauntlet | Entered a Gauntlet
 19003 | Gauntlet | Found a transporter.
 19011 | Gauntlet | Found a transporter.
 19013 | Gauntlet | Found a transporter.
 19022 | Gauntlet | Found a transporter.
 19024 | Gauntlet | Found a transporter.
 19030 | Gauntlet | Noticed an entropy weaver
 19031 | Gauntlet | Noticed a wolf spider
 19040 | Gauntlet | Found a transporter.
 19059 | Gauntlet | Found the +0 Maxwell's etheric cage {RegenMP+ *Contam rElec
                  | MP+4}
 19059 | Gauntlet | Found a transporter.
 19063 | Gauntlet | Noticed a dire elephant
 19065 | Gauntlet | Found a runed gate.
 19067 | Gauntlet | Found a transporter.
 19067 | Gauntlet | Found a runed gate.
 19068 | Gauntlet | Found a runed gate.
 19074 | Gauntlet | Noticed a death drake
 19077 | Gauntlet | Found a transporter.
 19091 | Gauntlet | Found a transporter.
 19106 | Gauntlet | Found a transporter.
 19159 | Gauntlet | Found a transporter.
 19161 | Gauntlet | Found a transporter.
 19183 | Gauntlet | Found a transporter.
 19404 | Gauntlet | Reached **** piety under Makhleb
 19429 | Gauntlet | Reached skill level 14 in Polearms
 19429 | Gauntlet | Reached XP level 12. HP: 33/88 MP: 19/21
 19742 | Gauntlet | Slain by a dire elephant

Vault maps used:
D:1:      dpeg_arrival_water_fire
D:3:      columned_hall_lemuel, minmay_gold_behind_fungi, minivault_11,
          minmay_fountain_box, minmay_randomly_rotated_circles, uniq_natasha,
          uniq_crazy_yiuf_cottage
D:4:      minmay_temple_entry_overgrown, first_ration
D:6:      uniq_grinder
D:8:      minitemple, nicolae_ossuary_entry_false_entrances
D:9:      lemuel_zombie_altar_kikubaaqudgha, grunt_dithmenos_smoke_and_mirrors,
          grunt_livestock, uniq_erolcha
D:10:     minmay_orc_entry_temple_small, serial_shops,
          nicolae_shop_overgrown_old_shop, basic_altar
D:11:     lair_entry_dummy
Temple:   compressed_dpeg_triangle_lava_temple
Lair:1:   basic_altar, st_stairs_6, infiniplex_staircase_pool
Lair:2:   nicolae_spider_entry_non_spiders, gauntlet_entry_generic,
          chequers_serial_rivers_micro_d, disabler_island
Ossuary:  ossuary_due_mausoleum
Gauntlet: minmay_gauntlet_77_tree

Skill      XL: |  1  2  3  4  5  6  7  8  9 10 11 |
---------------+----------------------------------+-----
Ice Magic      | 4 5 6 8 10 | 10.0
Fighting       | 2 6 |  6.2
Dodging        | 4 6 |  6.0
Spellcasting   | 4 6 |  6.0
Polearms       | 4 12 14 | 14.6
Invocations    | 5 |  5.1
Evocations     | 4 |  4.2
Conjurations   | 1 2 |  2.1
Charms         | 1 4 |  4.0
Summonings     | 1 2 |  2.0
Hexes          | 4 |  4.0
Stealth        | |  2.1

Action                   |  1- 3 |  4- 6 |  7- 9 | 10-12 || total
-------------------------+-------+-------+-------+-------++-------
Melee: Dagger            |     6 |     8 |       |       ||    14
       Hand axe          |       |   107 |   242 |       ||   349
       Spear             |       |       |   153 |   577 ||   730
       Halberd           |       |       |       |    54 ||    54
Throw: Stone             |     7 |       |       |       ||     7
       Tomahawk          |       |     5 |    39 |    13 ||    57
 Cast: Freeze            |    48 |    64 |    83 |   136 ||   331
       Ozocubu's Armour  |       |     4 |    32 |    46 ||    82
       Throw Frost       |       |     3 |     3 |     5 ||    11
       Summon Ice Beast  |       |       |       |     7 ||     7
       Spectral Weapon   |       |       |       |    28 ||    28
       Throw Icicle      |       |       |       |     4 ||     4
Invok: Lesser Servant of |       |       |       |     1 ||     1
Evoke: Wand              |       |       |     3 |     6 ||     9
       Box of beasts     |       |       |       |     4 ||     4
  Use: Scroll            |       |    11 |     8 |    10 ||    29
       Potion            |       |       |     5 |    13 ||    18
 Stab: Sleeping          |     2 |     4 |     4 |     2 ||    12
       Distracted        |       |     1 |     1 |     6 ||     8
  Eat: Chunk             |     1 |    13 |     7 |    20 ||    41
       Ration            |       |     1 |     5 |     3 ||     9
Armor: Robe              |     9 |     8 |   148 |   163 ||   328
       Leather armour    |     2 |    16 |       |       ||    18
       Skin              |       |       |       |    10 ||    10
Dodge: Dodged            |    45 |   102 |   357 |   373 ||   877

Table legend:
 A = Non-vault XP
 B = Vault XP
 C = Vault XP percentage of total XP
 D = Non-vault monster count
 E = Vault monster count
 F = Vault count percentage of total count
                 A         B        C        D         E       F
            +---------+---------+-------+---------+---------+-------
      Total |   16246 |    3505 |  17.7 |     275 |      63 |  18.6
            +---------+---------+-------+---------+---------+-------
        D:1 |      41 |       0 |   0.0 |      22 |       0 |   0.0
        D:2 |      65 |       0 |   0.0 |      18 |       0 |   0.0
        D:3 |     171 |      43 |  20.1 |      29 |       7 |  19.4
        D:4 |     104 |       0 |   0.0 |      11 |       0 |   0.0
        D:5 |     374 |       0 |   0.0 |      19 |       0 |   0.0
        D:6 |     254 |       0 |   0.0 |       9 |       0 |   0.0
        D:7 |    1732 |       0 |   0.0 |      29 |       0 |   0.0
        D:8 |    2058 |       0 |   0.0 |      19 |       0 |   0.0
        D:9 |    1313 |       3 |   0.2 |      23 |       2 |   8.0
       D:10 |    2724 |     310 |  10.2 |      35 |      11 |  23.9
       D:11 |    4810 |       0 |   0.0 |      46 |       0 |   0.0
     Lair:1 |    2600 |     425 |  14.0 |      15 |       1 |   6.2
    Ossuary |       0 |     248 | 100.0 |       0 |      27 | 100.0
   Gauntlet |       0 |    2476 | 100.0 |       0 |      15 | 100.0
            +---------+---------+-------+---------+---------+-------
